 Dungeon Crawl Stone Soup version 0.24-a0-378-g94936e539c (webtiles) character file.

Game seed: 964415694354841309

2924 HAL9000 the Slicer (level 9, -3/63 HPs)
             Began as a Vine Stalker Assassin on May 31, 2019.
             Was a Believer of Uskayaw.
             Slain by a two-headed ogre
             ... wielding a +0 giant spiked club
              (4 damage)
             ... on level 8 of the Dungeon on June 1, 2019.
             The game lasted 00:17:26 (7278 turns).

HAL9000 the Slicer (Vine Stalker Assassin)          Turns: 7278, Time: 00:17:26

Health: -3/63      AC: 24    Str: 16    XL:     9   Next: 79%
Magic:  0/15       EV:  2    Int: 12    God:    Uskayaw [**....]
Gold:   569        SH:  0    Dex: 16    Spells: 12/15 levels left

rFire    . . .     SeeInvis .   a - +2 dagger
rCold    . . .     Gourm    .   (no shield)
rNeg     + + +     Faith    .   (armour currently unavailable)
rPois    +         Spirit   +   (helmet currently unavailable)
rElec    .         Reflect  .   (cloak currently unavailable)
rCorr    .         Harm     .   (gloves currently unavailable)
MR       ++...     NoTele   +   (boots currently unavailable)
Stlth    +++.......             v - amulet of the acrobat
HPRegen  0.60/turn              w - ring of protection from magic
MPRegen  0.14/turn              B - ring of flight

@: tree-form
A: regeneration 1, magic shield, no potion heal 3, rot immunity
a: Stomp, Line Pass, Renounce Religion


You were on level 8 of the Dungeon.
You worshipped Uskayaw.
Uskayaw was noncommittal.
You were not hungry.
You were a tree.
You visited 2 branches of the dungeon, and saw 9 of its levels.

You collected 569 gold pieces.

Inventory:

Hand Weapons
 a - a +2 dagger (weapon)
Missiles
 d - 20 poisoned darts (quivered)
Armour
 b - a +1 helmet (melded)
 c - a +0 cloak (melded)
 o - a +0 leather armour (melded)
 D - the +1 helmet of the Catfish {*Corrode rPois rN+++ Str-2}
   (You found it on level 5 of the Dungeon)

   It affects your strength (-2).
   It protects you from poison.
   It renders you almost immune to negative energy.
   It may corrode you when you take damage.
Jewellery
 v - an amulet of the acrobat (around neck)
 w - a ring of protection from magic (left branch)
 B - a ring of flight (right branch)
Wands
 n - a wand of flame (16)
 x - a wand of iceblast (7)
Scrolls
 e - 2 scrolls of vulnerability {unknown}
 i - a scroll of fear
 j - 2 scrolls of teleportation
 k - 3 scrolls of remove curse {unknown}
 l - a scroll of noise {unknown}
 p - 2 scrolls of enchant weapon {unknown}
 q - 3 scrolls of enchant armour
 y - 2 scrolls of amnesia {unknown}
 A - 3 scrolls of magic mapping {unknown}
 E - a scroll of fog {unknown}
Potions
 g - a potion of berserk rage {unknown}
 h - 2 potions of curing
 m - a potion of magic
 s - a potion of cancellation {unknown}
 u - 2 potions of agility
 z - 2 potions of mutation {unknown}
 C - a potion of flight {unknown}
Comestibles
 f - 12 rations


   Skills:
 - Level 1.7 Fighting
 - Level 11.0 Short Blades
 - Level 1.7 Throwing
 - Level 0.7 Dodging
 - Level 4.8 Stealth
 + Level 3.6 Spellcasting
 + Level 3.6 Charms


You had 12 spell levels left.
You knew the following spells:

 Your Spells              Type           Power        Failure   Level  Hunger
a - Regeneration          Chrm/Necr      #.........   32%         3    ###....

Your spell library contained the following spells:

 Spells                   Type           Power        Failure   Level  Hunger
 Animate Skeleton         Necr           N/A          22%         1    #......
 Apportation              Tloc           #.....       22%         1    #......
 Confusing Touch          Hex            #.....       22%         1    #......
 Magic Dart               Conj           #...         22%         1    #......
 Pain                     Necr           #...         22%         1    #......
 Summon Small Mammal      Summ           #...         22%         1    #......
 Searing Ray              Conj           #.....       34%         2    ##.....
 Dazzling Spray           Conj/Hex       #.....       56%         3    ###....
 Vampiric Draining        Necr           #.........   56%         3    ###....
 Animate Dead             Necr           N/A          92%         4    #####..
 Force Lance              Conj/Tloc      #.......     92%         4    #####..
 Fulminant Prism          Conj/Hex       #.........   92%         4    #####..
 Iskenderun's Mystic Bla  Conj           #.......     92%         4    #####..


Dungeon Overview and Level Annotations

Branches:
Dungeon (8/15)             Temple (1/1) D:7
   Lair: D:8-11

Altars:
Cheibriados
Dithmenos
Elyvilon
Fedhas
Gozag
Hepliaklqana
Kikubaaqudgha
Makhleb
Nemelex Xobeh
Okawaru
Qazlal
Ru
Sif Muna
Trog
Uskayaw
Vehumet
Wu Jian
Xom
Yredelemnul
Zin
The Shining One

Annotations:
D:8 1 transporter


Innate Abilities, Weirdness & Mutations

((You have razor-sharp teeth.))
Your natural rate of healing is unusually fast.
When hurt, damage is shared between your health and your magic reserves.
((Your bite disrupts and absorbs the magic of your enemies.))
Potions cannot restore your health.
You are immune to rotting.


Message History

You hit the two-headed ogre but do no damage.
The two-headed ogre is moderately wounded.
You hit the two-headed ogre but do no damage.
The two-headed ogre is moderately wounded.
You hit the two-headed ogre.
The two-headed ogre is moderately wounded.
The two-headed ogre hits you with a +0 giant spiked club!
* * * LOW HITPOINT WARNING * * *
The two-headed ogre hits you with a +0 giant club!
* * * LOW HITPOINT WARNING * * *
You hit the two-headed ogre but do no damage.
The two-headed ogre is moderately wounded.
You hit the two-headed ogre.
The two-headed ogre is moderately wounded.
You hit the two-headed ogre but do no damage.
The two-headed ogre is moderately wounded.
The two-headed ogre hits you with a +0 giant spiked club!
* * * LOW HITPOINT WARNING * * *
The two-headed ogre hits you with a +0 giant club.
You die...

#.................###....
#.............#..#J.....
####.##...#.....##.###..#©#
#......##.#.....#######[# #
##...###..#..#...###...###
#......#....###...##.###
###............###.....#
#...##....###..O..>.####
#.........###.##♣...# .
#..#....#..####.....# ..
##.#######.#####....##...
### #..##.#.........
##.........>#.##
#..##..#..#####..#......
#....###................
#...<##.................
##....##......... .......


You could see a two-headed ogre.

Vanquished Creatures
  An ice beast (D:7)
  A black bear (D:7)
  A sky beast (D:7)
  A phantom (D:7)
  4 ogres
  2 centaurs
  6 bullfrogs
  A wyvern skeleton (D:7)
  A scorpion (D:7)
  3 wights
  9 killer bees
  3 crimson imps
  2 howler monkeys
  A bullfrog zombie (D:7)
  A jelly (D:5)
  Crazy Yiuf (D:3)
  6 hounds
  An orc priest (D:8)
  2 bullfrog skeletons
  Jessica (D:3)
  Ijyb (D:4)
  Terence (D:3)
  2 iguanas
  2 orc wizards
  3 worker ants
  A worker ant zombie (D:5)
  4 gnolls (D:6)
  9 adders
  3 shadow imps
  An ooze (D:6)
  An adder zombie (D:8)
  2 adder skeletons
  4 worms
  3 dart slugs
  6 leopard geckos
  15 orcs
  A ball python (D:4)
  5 giant cockroaches
  11 goblins
  6 hobgoblins
  8 jackals
  3 quokkas (D:2)
  6 bats
  8 frilled lizards
  3 kobolds
  A quokka skeleton (D:4)
  4 rats
162 creatures vanquished.

Vanquished Creatures (others)
  3 toadstools (D:2)
3 creatures vanquished.

Grand Total: 165 creatures vanquished

Notes
Turn   | Place    | Note
-------+----------+-------------------------------------------
     0 | D:1      | HAL9000 the Vine Stalker Assassin began the quest for the
                  | Orb.
     0 | D:1      | Reached XP level 1. HP: 11/11 MP: 2/2
    59 | D:1      | Reached skill level 2 in Short Blades
   164 | D:1      | Reached XP level 2. HP: 15/15 MP: 3/3
   592 | D:2      | Reached skill level 3 in Short Blades
   804 | D:2      | Noticed a bullfrog
   808 | D:2      | Killed a bullfrog
   808 | D:2      | Reached skill level 4 in Short Blades
   808 | D:2      | Reached XP level 3. HP: 18/18 MP: 4/4
   808 | D:2      | Gained mutation: Your natural rate of healing is unusually
                  | fast. [Vine Stalker growth]
   808 | D:2      | Reached XP level 4. HP: 23/23 MP: 5/5
  1044 | D:2      | Reached XP level 5. HP: 26/26 MP: 6/6
  1496 | D:3      | Found a runed translucent door.
  1497 | D:3      | Noticed Crazy Yiuf
  1525 | D:3      | Killed Crazy Yiuf
  1525 | D:3      | Reached skill level 5 in Short Blades
  2288 | D:3      | Noticed Jessica
  2292 | D:3      | Killed Jessica
  2292 | D:3      | Reached XP level 6. HP: 30/30 MP: 7/7
  2358 | D:3      | Noticed Terence
  2412 | D:3      | Killed Terence
  2848 | D:4      | Reached skill level 6 in Short Blades
  3131 | D:4      | Noticed Ijyb
  3138 | D:4      | Killed Ijyb
  3138 | D:4      | Reached XP level 7. HP: 34/34 MP: 8/8
  3288 | D:4      | Found a burning altar of Makhleb.
  3394 | D:5      | Entered Level 5 of the Dungeon
  3583 | D:5      | Learned a level 3 spell: Regeneration
  3637 | D:5      | Reached skill level 7 in Short Blades
  4065 | D:5      | Found an ornate altar of the Wu Jian Council.
  4190 | D:5      | Got a twisted helmet
  4196 | D:5      | Identified the +1 helmet of the Catfish {*Corrode rPois
                  | rN+++ Str-2} (You found it on level 5 of the Dungeon)
  4444 | D:6      | Reached skill level 8 in Short Blades
  4537 | D:6      | Gained mutation: You have razor-sharp teeth. [Vine Stalker
                  | growth]
  4537 | D:6      | Reached XP level 8. HP: 38/38 MP: 9/9
  4679 | D:6      | Reached skill level 9 in Short Blades
  4818 | D:6      | Found a snail-covered altar of Cheibriados.
  5030 | D:6      | Found a hazy altar of Hepliaklqana.
  5293 | D:6      | Reached skill level 10 in Short Blades
  5477 | D:7      | Reached XP level 9. HP: 4/42 MP: 4/10
  5884 | D:7      | Reached skill level 11 in Short Blades
  6010 | D:7      | Reached skill level 1 in Spellcasting
  6010 | D:7      | Reached skill level 1 in Charms
  6115 | D:7      | Found a staircase to the Ecumenical Temple.
  6143 | Temple   | Entered the Ecumenical Temple
  6241 | Temple   | Became a worshipper of Uskayaw the Reveler
  6591 | D:8      | Reached * piety under Uskayaw
  6721 | D:7      | Reached ** piety under Uskayaw
  6730 | D:7      | Reached *** piety under Uskayaw
  6788 | D:7      | Reached **** piety under Uskayaw
  7031 | D:8      | Upgraded the game from 0.24-a0-375-g4de66ed42b to
                  | 0.24-a0-378-g94936e539c
  7230 | D:8      | Found a transporter.
  7237 | D:8      | Noticed a two-headed ogre
  7278 | D:8      | HP: 1/63 [two-headed ogre/+0 giant spiked club (12)]
  7278 | D:8      | Slain by a two-headed ogre

Levels and vault maps discovered:
D:1:      lightli_arrival_quake, layout_basic, minivault_24
D:2:      layout_loops_ring, minmay_misc_feat_alley, serial_park_tiny_2,
          minmay_gold_behind_fungi
D:3:      layout_loops_ring, first_ration, uniq_terence,
          uniq_crazy_yiuf_cottage, uniq_jessica
D:4:      layout_basic, makhleb_heckhound_becter, uniq_ijyb
D:5:      layout_loops_ring, basic_altar
D:6:      layout_basic, kennysheep_mini, kennysheep_mini_moat
D:7:      layout_cave_pools, minmay_temple_entry_overgrown
D:8:      gammafunk_jiyva_shrine, layout_cave_pools, uniq_erica
Temple:   compressed_dpeg_circular_temple

Skill      XL: |  1  2  3  4  5  6  7  8  9 |
---------------+----------------------------+-----
Short Blades   | 2 4 5 6 8 10 11 | 11.0
Spellcasting   | 3 |  3.6
Charms         | 3 |  3.6
Fighting       | |  1.7
Throwing       | |  1.7
Dodging        | |  0.7
Stealth        | |  4.8

Action                   |  1- 3 |  4- 6 |  7- 9 || total
-------------------------+-------+-------+-------++-------
Melee: Dagger            |    27 |   203 |   570 ||   800
       Bite              |     4 |    59 |   153 ||   216
Throw: Dart              |       |    23 |    42 ||    65
  Use: Scroll            |       |     2 |     6 ||     8
       Potion            |       |       |     3 ||     3
 Stab: Sleeping          |     6 |    13 |     5 ||    24
       Distracted        |       |     2 |       ||     2
       Paralysed         |       |       |     3 ||     3
  Eat: Chunk             |       |     7 |    13 ||    20
Armor: Robe              |     3 |     3 |       ||     6
       Leather armour    |       |    31 |    99 ||   130
       Skin              |       |       |    21 ||    21
Dodge: Dodged            |     9 |    97 |   254 ||   360

Table legend:
 A = Non-vault XP
 B = Vault XP
 C = Vault XP percentage of total XP
 D = Non-vault monster count
 E = Vault monster count
 F = Vault count percentage of total count
                 A         B        C        D         E       F
            +---------+---------+-------+---------+---------+-------
      Total |    3985 |     193 |   4.6 |     157 |       5 |   3.1
            +---------+---------+-------+---------+---------+-------
        D:1 |      20 |       0 |   0.0 |      13 |       0 |   0.0
        D:2 |     162 |       0 |   0.0 |      22 |       0 |   0.0
        D:3 |     117 |     115 |  49.6 |      28 |       3 |   9.7
        D:4 |     188 |      78 |  29.3 |      12 |       2 |  14.3
        D:5 |     405 |       0 |   0.0 |      21 |       0 |   0.0
        D:6 |     994 |       0 |   0.0 |      21 |       0 |   0.0
        D:7 |    1814 |       0 |   0.0 |      33 |       0 |   0.0
        D:8 |     285 |       0 |   0.0 |       7 |       0 |   0.0
            +---------+---------+-------+---------+---------+-------
